 Dungeon Crawl Stone Soup version 0.20-a0-1109-ge3cd172 (webtiles) character file.

387 Wendigo the Stinger (level 6, -4/41 HPs)
             Began as a Demonspawn Venom Mage on May 5, 2017.
             Killed by divine providence
             ... invoked by an orc priest
              (12 damage)
             ... on level 3 of the Dungeon.
             The game lasted 00:08:01 (4104 turns).

Wendigo the Stinger (Demonspawn Venom Mage)         Turns: 4104, Time: 00:08:04

Health: -4/41      AC:  5    Str:  8    XL:     6   Next: 49%
Magic:  1/10       EV: 12    Int: 19    God:
Gold:   141        SH:  0    Dex: 13    Spells: 1/11 levels left

rFire    + . .     SeeInvis .   l - +0 hand axe
rCold    . . .     Gourm    .   (no shield)
rNeg     . . .     Faith    .   a - +0 robe
rPois    .         Spirit   .   (no helmet)
rElec    .         Reflect  .   (no cloak)
rCorr    .         Harm     .   i - +0 pair of gloves
MR       .....                  (no boots)
Stlth    ++........             (no amulet)
Regen    0.2/turn               (no ring)
MPRegen  0.2/turn               (no ring)

@: no status effects
A: talons 1, iridescent scales 1, fire resistance 1, flame cloud immunity
a: no special abilities


You were on level 3 of the Dungeon.
You were hungry.

You visited 1 branch of the dungeon, and saw 3 of its levels.

You collected 141 gold pieces.

Inventory:

Hand Weapons
 l - a +0 hand axe (weapon)
Armour
 a - a +0 robe (worn)
 i - a +0 pair of gloves (worn)
Wands
 d - a wand of paralysis (11/24)
 s - a wand of flame (9/48)
Scrolls
 e - a scroll of immolation {unknown}
 f - a scroll of enchant weapon {unknown}
 h - 2 scrolls of identify {unknown}
 j - a scroll of teleportation {unknown}
 k - 2 scrolls of remove curse {unknown}
 o - a scroll of amnesia {unknown}
Potions
 m - 2 potions of curing {unknown}
 p - a potion of heal wounds
 q - a potion of brilliance {unknown}
Books
 b - a Young Poisoner's Handbook

   Spells                             Type                      Level
   a - Sting                          Conjuration/Poison           1
   b - Poisonous Vapours              Poison/Air                   2
   c - Mephitic Cloud                 Conjuration/Poison/Air       3
   d - Olgreb's Toxic Radiance        Poison                       4
   e - Venom Bolt                     Conjuration/Poison           5
Comestibles
 c - 2 bread rations
 g - a fruit
 n - 2 royal jellies
 t - a meat ration


   Skills:
 - Level 1.7 Dodging
 - Level 1.7 Stealth
 + Level 3.0 Spellcasting
 * Level 3.9 Conjurations
 + Level 1.9 Air Magic
 * Level 5.0 Poison Magic


You had one spell level left.
You knew the following spells:

 Your Spells              Type           Power        Failure   Level  Hunger
a - Sting                 Conj/Pois      ###.         2%          1    None
b - Poisonous Vapours     Pois/Air       ###...       5%          2    ##.....
c - Mephitic Cloud        Conj/Pois/Air  ###.....     10%         3    ###....
d - Olgreb's Toxic Radia  Pois           ###.....     19%         4    ####...


Dungeon Overview and Level Annotations

Branches:
Dungeon (3/15)

Altars:


Innate Abilities, Weirdness & Mutations

You have sharp toenails.
You are partially covered in iridescent scales. (AC +2)
Your flesh is heat resistant. (rF+)
You are immune to clouds of flame.


Message History

You are feeling hungry.
The hobgoblin is poisoned.
The orc priest is poisoned.
The orc priest mumbles some strange prayers to Beogh against you.
Pain shoots through your body!
* * * LOW HITPOINT WARNING * * *
The hobgoblin hits you.
* * * LOW HITPOINT WARNING * * *
Casting: Olgreb's Toxic Radiance
Confirm with . or Enter, or press ? or * to list all spells.
Aiming: Poisonous Vapours
Press: ? - help, Dir - move target cursor, f - orc priest
Aim: an orc priest (moderately wounded, poisoned) Poisonous vapours surround the orc priest!
The orc priest looks even sicker.
Your toxic aura wanes.
The orc priest is engulfed in poison gas.
The orc priest looks even sicker.
The orc priest invokes the aid of Beogh against you.
Beogh smites you!
You die...

.. #.#.## ...
#.#..######
....####..........
#'#.......<..# #.
#.......)....# #.
#########.##...# #.
..........#....# #.
#########g#....#### #.
#>.....@..o......# #.
#.####.#.#....##.######.
#.......................
####.###.#....###.#####.
#.# #.#....# #..# #. #.#
#.#..).# ##.## #. #.#
#[#....# #..# #) #.#
#.#....# ##.# #. #.#
#.#....# #.###.


You could see an orc priest and a hobgoblin.

Vanquished Creatures
  Sigmund (D:3)
  Natasha (thrice) (D:3)
  A worker ant (D:3)
  4 gnolls (D:3)
  An adder (D:2)
  An ooze (D:2)
  A worm (D:2)
  2 dart slugs
  2 leopard geckos
  3 orcs
  5 bats
  4 giant cockroaches
  6 goblins
  8 hobgoblins
  7 kobolds
  3 frilled lizards
  A jackal skeleton (D:3)
  10 rats
63 creatures vanquished.

Notes
Turn   | Place    | Note
-------+----------+-------------------------------------------
     0 | D:1      | Wendigo the Demonspawn Venom Mage began the quest for the Orb.
     0 | D:1      | Reached XP level 1. HP: 13/13 MP: 3/3
   348 | D:1      | Gained mutation: You are partially covered in iridescent scales. (AC +2) [demonic ancestry]
   348 | D:1      | Reached XP level 2. HP: 19/19 MP: 3/5
   352 | D:1      | Learned a level 2 spell: Poisonous Vapours
  1269 | D:2      | Gained mutation: You have sharp toenails. [demonic ancestry]
  1269 | D:2      | Reached XP level 3. HP: 24/24 MP: 1/6
  2446 | D:2      | Learned a level 3 spell: Mephitic Cloud
  2953 | D:3      | Noticed Natasha
  2958 | D:3      | Killed Natasha
  2958 | D:3      | Gained mutation: Your flesh is heat resistant. (rF+) [demonic ancestry]
  2958 | D:3      | Reached XP level 4. HP: 30/30 MP: 2/7
  3012 | D:3      | Noticed Natasha
  3030 | D:3      | Killed Natasha
  3030 | D:3      | Reached skill level 1 in Air Magic
  3030 | D:3      | Reached skill level 4 in Poison Magic
  3158 | D:3      | Reached XP level 5. HP: 35/35 MP: 4/9
  3324 | D:3      | Noticed Natasha
  3327 | D:3      | Killed Natasha
  3511 | D:3      | Noticed Sigmund
  3537 | D:3      | Killed Sigmund
  3537 | D:3      | Gained mutation: You are immune to clouds of flame. [demonic ancestry]
  3537 | D:3      | Reached XP level 6. HP: 21/41 MP: 1/10
  3564 | D:3      | Reached skill level 5 in Poison Magic
  4092 | D:2      | Learned a level 4 spell: Olgreb's Toxic Radiance
  4104 | D:3      | Killed from afar by an orc priest

Vault maps used:
D:1:      sevenhm_arrival_forest_fort_large_4, serial_glass, glass_columns_a,
          glass_columns_a
D:3:      chequers_temple_overflow_minitemple, serial_bayou,
          serial_bayou_pond_b, serial_bayou_ford_a, serial_bayou_pond_e,
          serial_bayou_lake_a, hangedman_feature_mirror, minmay_statues_item,
          uniq_sigmund, uniq_natasha

Skill      XL: |  1  2  3  4  5  6 |
---------------+-------------------+-----
Conjurations   | 2 3 |  3.9
Air Magic      | 1 |  1.9
Poison Magic   | 4 5 |  5.0
Spellcasting   | 3 |  3.0
Dodging        | |  1.7
Stealth        | |  1.7

Action                   |  1- 3 |  4- 6 || total
-------------------------+-------+-------++-------
Melee: Hand axe          |    31 |    13 ||    44
       Unarmed           |     1 |       ||     1
       Kick              |     7 |     2 ||     9
 Cast: Sting             |    11 |    11 ||    22
       Poisonous Vapours |    52 |    27 ||    79
       Mephitic Cloud    |       |     2 ||     2
       Olgreb's Toxic Ra |       |     2 ||     2
  Eat: Chunk             |    10 |     5 ||    15
Armor: Robe              |    18 |     7 ||    25
Dodge: Dodged            |    37 |    22 ||    59
